 Dungeon Crawl Stone Soup version 0.31-a0-851-g7ff8af7976 (webtiles) character file.

Game seed: 18406322443602074077

0 Kurtz the Sneak (level 1, -1/18 HPs)
             Began as a Mummy Delver on Oct 6, 2023.
             Slain by Jessica
             ... wielding a +0 club
              (2 damage)
             ... on level 3 of the Dungeon.
             The game lasted 00:00:25 (75 turns).

Kurtz the Sneak (Mummy Delver)                        Turns: 75, Time: 00:00:25

Health: -1/18      AC:  3    Str: 15    XL:     1   Next: 8%
Magic:  1/1        EV: 11    Int:  9    God:
Gold:   0          SH:  0    Dex: 13    Spells: 0/0 levels left

rFire   x . .        g - +0 morningstar
rCold   + . .        (no shield)
rNeg    + + +        b - +0 leather armour
rPois   ∞            (no helmet)
rElec   .            (no cloak)
rCorr   .            (no gloves)
SInv    .            (no boots)
Will    .....        (no amulet)
Stlth   ++           (no ring)
HPRegen 0.23/turn    (no ring)
MPRegen 0.07/turn

%: faith
@: no status effects
A: cold resistance 1, negative energy resistance 3, torment resistance 2, heat
vulnerability 1, in touch with death 1, no potions, faith
a: no special abilities


You were on level 3 of the Dungeon.
You visited 1 branch of the dungeon, and saw 3 of its levels.

Inventory:

Hand Weapons
 a - a +0 hand axe
 g - a +0 morningstar (weapon)
Armour
 b - a +0 leather armour (worn)
Wands
 f - a wand of digging (3)
Scrolls
 c - a scroll of fog
 d - a scroll of revelation
 e - a scroll of fear


   Skills:
 - Level 3.0 Fighting
 * Level 1.6 Axes
 - Level 1.5 Dodging
 - Level 4.1 Stealth


You couldn't memorise any spells.
You didn't know any spells.
Your spell library was empty.

Dungeon Overview and Level Annotations

Branches:
Dungeon (5/15)
 Temple: D:4-7

Altars:

Shops:
D:3 ?

Annotations:
D:3 Jessica


Innate Abilities, Weirdness & Mutations

You are immune to poison.
Your flesh is cold resistant. (rC+)
You are immune to negative energy. (rN+++)
You are immune to unholy pain and torment.
You are vulnerable to heat. (rF-)
You are in touch with the powers of death.
You do not drink.
You have a special connection with the divine. (Faith)


Message History

There is a stone staircase leading up here.
You climb upwards.
The goblin shouts!
Found 16 gold pieces.
There is a stone staircase leading down here.
There are monsters nearby!
A kobold comes into view. It is wielding a +0 whip.
Jessica the Apprentice Sorceress comes into view.
She is wielding a +0 club and wearing a +2 robe of cold resistance.
Found Kuza's Magic Scroll Shop.
The bat completely misses you. The bat hits you but does no damage.
You closely miss the bat.
Jessica shouts!
The bat closely misses you.
An adder comes into view.
The bat hits you but does no damage.
The adder hisses angrily.
The kobold shouts!
You puncture the bat!
You kill the bat!
A rat comes into view.
The kobold hits you but does no damage.
Unknown command.
The kobold attacks as it pursues you! The kobold hits you with a +0 whip.
The kobold barely misses you.
Jessica casts a spell.
Jessica seems to speed up.
The kobold attacks as it pursues you! The kobold closely misses you.
You open the door. The kobold hits you with a +0 whip.
Jessica mumbles something strange.
Jessica hits you with a +0 club.
Found a stone staircase leading up.
Jessica hits you with a +0 club.
There is an open door here.
Jessica attacks as she pursues you! Jessica barely misses you.
Jessica barely misses you.
There is a stone staircase leading up here.
You completely miss Jessica. Jessica hits you with a +0 club. x2
* * * LOW HITPOINT WARNING * * *
Unknown command.
You hit Jessica but do no damage. Jessica hits you with a +0 club.
You die...

##########
#........#
#........#
#........#
#........# ...
#...@....# ... .
#..g@....# .....
####'######.r....
#K#....#......
######r..#..S......
###+.....#.g#......
##∩##....#.>.$.....
####........#######
###.....†#.....#


You could see Jessica (fast), a goblin, a kobold and a rat.

Vanquished Creatures
  A bat (D:3)
1 creature vanquished.

Notes
Turn   | Place    | Note
-------+----------+-------------------------------------------
     0 | D:5      | Kurtz the Mummy Delver began the quest for the Orb.
     0 | D:5      | Reached XP level 1. HP: 18/18 MP: 1/1
    61 | D:3      | Found Kuza's Magic Scroll Shop.
    61 | D:3      | Noticed Jessica
    75 | D:3      | Slain by Jessica

Illustrated notes

Levels and vault maps discovered:
D:3:      wad_crossroads, layout_basic, serial_shops, nicolae_shop_tiny_glass,
          uniq_jessica
D:4:      layout_basic, grunt_temple_overflow_growth_and_decay, serial_shops,
          nicolae_shop_rolling_square, minivault_1
D:5:      layout_loops_ring, mainiacjoe_overflow_swirl,
          nicolae_elevator_lobby_plus

Action                     || total
---------------------------++-------
  Melee: Morningstar       ||     4
 Armour: Leather armour    ||    10
  Dodge: Dodged            ||     6

Table legend: (Time is in decaauts)
 A = Elapsed time spent in this place.
 B = Non-inter-level travel time spent in this place.
 C = Inter-level travel time spent in this place.
 D = Time resting spent in this place.
 E = Time spent auto-exploring this place.
 F = Levels seen in this place.
 G = Mean time per level.
                   A        B        C        D        E       F      G
               +--------+--------+--------+--------+--------+-----+--------+
         Total |     75 |     70 |      5 |      0 |     15 |   3 |   25.0 |
       Dungeon |     75 |     70 |      5 |      0 |     15 |   3 |   25.0 |
               +--------+--------+--------+--------+--------+-----+--------+

Top non-repeatable levels by time:
     D:4: 31 daAuts
     D:5: 27 daAuts
     D:3: 17 daAuts
